 Dungeon Crawl Stone Soup version 0.19.0 (webtiles) character file.

4167 Cacophonie the Carver (level 10, -7/62 HPs)
             Began as a High Elf Artificer on Nov 5, 2016.
             Was a Believer of Yredelemnul.
             Shot with an arrow by something (22 damage)
             ... on level 8 of the Dungeon.
             The game lasted 01:09:55 (13939 turns).

Cacophonie the Carver (High Elf Artificer)         Turns: 13939, Time: 01:09:57

Health: -7/62      AC: 10    Str: 11    XL:     10   Next: 7%
Magic:  13/13      EV: 12    Int: 17    God:    Yredelemnul [**....]
Gold:   454        SH:  8    Dex: 18    Spells: 0 memorised, 9 levels left

rFire  + . .     SeeInvis .     k - +0 long sword
rCold  . . .     Gourm    .     D - +0 ring mail
rNeg   . . .     Faith    .     M - +0 buckler
rPois  .         Spirit   .     W - +0 helmet
rElec  .         Reflect  +     O - +2 cloak
rCorr  .         Harm     .     (no gloves)
MR     ++...                    x - +0 pair of boots
Stlth  +.........               X - +3 amulet of reflection
                                u - ring of protection from fire
                                J - ring of protection from magic

@: about to teleport
A: no striking features
a: Animate Remains, Recall Undead Slaves, Injury Mirror, Renounce Religion


You were on level 8 of the Dungeon.
You worshipped Yredelemnul.
Yredelemnul was pleased with you.
You were not hungry.

You visited 2 branches of the dungeon, and saw 9 of its levels.
You also visited: Ossuary.

You collected 584 gold pieces.
You spent 130 gold pieces at shops.


Message History

You see here an arrow!
As you read the scroll of teleportation, it crumbles to dust!
You feel strangely unstable!
You hear a twanging sound!
An arrow appears from out of thin air!!!
The arrow hits you!!! * * * don't die
* * * A crimson imp comes into view! It is wielding a war axe of distortion!
Enter note: fuck this out of depth bullshit Put on which piece of jewellery? (? for menu, Esc to quit)
Okay, then!
You hear a twanging sound!
An arrow appears from out of thin air!!!
The arrow hits you! * * * don't die
* * * You hear a twanging sound!
An arrow appears from out of thin air!!!
The arrow hits you!!!!!! rip Your body rises from the dead as a mindless zombie!

.........>.....#'###.............
#####...#####.....##.#####Z......
########5.....##.# #....#.###
#.###.#.#..S..##.# #.#<...... .#
#.#.#.##.....##.# #.##.#####
#.###.#.#(#..(..##.# #......Z..
#.#.#.#.##..#.###.######.#####
#.#.#.###..#(#..........# #
#.#.#.##..#@#.#.######## #
#.#.###Z#.((.#.#.......# #
#.#.#.#.##....#.#######.# #
#.#.###Z####...#.# #####.# #
#.#.# #S#.###...#.# #.....# #
#.#.# #.###)#....#.# #.##### #
.#.# #.# ##....#.# #.# # #.#
#.##.#.# #.### # #.# #.##...#
#...# #


You could see an adder.

Inventory:

Hand Weapons
 i - a +1 dagger of speed
 k - a +0 long sword (weapon)
 z - a +0 blowgun
 N - the +9 flail "Xeeh" {flame, +Fly rF+++ Dex-3, unknown}
   (You found it on level 6 of the Dungeon)

   It has been specially enchanted to burn those struck by it, causing extra
   injury to most foes and up to half again as much damage against particularly
   susceptible opponents.
   It affects your dexterity (-3).
   It renders you almost immune to fire.
   It lets you fly.
Missiles
 o - 39 poisoned needles
 A - 90 arrows
 G - 7 javelins (quivered)
 L - 15 tomahawks
 T - 7 curare-tipped needles
Armour
 a - a +0 scale mail
 x - a +0 pair of boots (worn)
 D - a +0 ring mail (worn)
 M - a +0 buckler (worn)
 O - a +2 cloak (worn)
 W - a +0 helmet (worn)
 Y - +0 steam dragon scales
Jewellery
 m - an uncursed ring of protection from magic
 r - an uncursed amulet of regeneration
 u - a ring of protection from fire (right hand)
 E - a +1 ring of protection
 J - a ring of protection from magic (left hand)
 Q - an uncursed amulet of magic regeneration
 X - a +3 amulet of reflection (around neck)
Wands
 d - a wand of enslavement (7/24)
 e - a wand of random effects (25/48)
 V - a wand of flame (31/48)
Scrolls
 b - 2 scrolls of fog
 h - a scroll of identify
 n - 2 scrolls of remove curse
 s - 3 scrolls of blinking
 I - 4 scrolls of enchant weapon
 R - 2 scrolls of teleportation
 S - a scroll of amnesia {unknown}
 U - a scroll of recharging
 Z - a scroll of magic mapping
Potions
 c - a potion of magic
 j - a potion of invisibility
 l - 3 potions of lignification
 p - a potion of agility
 v - 2 potions of cancellation
 w - 3 potions of curing
 B - a potion of mutation
 K - a potion of heal wounds
Books
 y - a book of Geomancy

   Spells                             Type                      Level
   a - Sandblast                      Earth                        1
   b - Passwall                       Transmutation/Earth          2
   c - Stone Arrow                    Conjuration/Earth            3
   d - Petrify                        Transmutation/Earth          4
   e - Lee's Rapid Deconstruction     Earth                        5
 C - Jessica's Compendium of Dark Secrets
   (You found it on level 2 of the Dungeon)

   Spells                             Type                      Level
   a - Sublimation of Blood           Necromancy                   2
Comestibles
 f - 7 bread rations
 g - 3 meat rations
 q - 4 fruits
 t - 2 royal jellies
 H - 2 beef jerkies
 P - 8 slices of pizza


   Skills:
 + Level 2.8 Fighting
 - Level 5.9(10.9) Short Blades
 - Level 13.9(14.3) Long Blades
 + Level 2.3 Armour
 + Level 3.7 Dodging
 - Level 1.1 Stealth
 + Level 2.4 Shields
 - Level 3.7 Evocations


You had 9 spell levels left.
You didn't know any spells.

Dungeon Overview and Level Annotations

Branches:
Dungeon (8/15)             Temple (1/1) D:5            Lair (0/6) D:8

Altars:
Ashenzari
Cheibriados
Dithmenos
Elyvilon
Fedhas
Gozag
Hepliaklqana
Kikubaaqudgha
Makhleb
Nemelex Xobeh
Okawaru
Qazlal
Ru
Sif Muna
Trog
Uskayaw
Vehumet
Xom
Yredelemnul
Zin
The Shining One

Shops:
D:3 !   D:4 !   D:8 !

Annotations:
D:5 Pikel

Vault maps used:
D:1:      lemuel_arrival_tunnels
D:2:      first_bread, kennysheep_jessica_study
D:3:      ecumenical_altar_2
D:4:      serial_shops, shop
D:5:      nicolae_gozag_seed_capital
D:6:      uniq_blork_the_orc, uniq_pikel, uniq_sigmund, uniq_duvessa
D:7:      nicolae_ossuary_entry_plus
D:8:      minmay_imperfect_grid, serial_shops, shop, grunt_pizzeria,
          hangedman_decor_clover_reticule, lightli_corner_chamber
Temple:   minmay_crystal_snake_temple
Ossuary:  minmay_ossuary_two_tombs

Vanquished Creatures
  Sigmund (D:6)
  3 yaks (D:8)
  2 hungry ghosts (D:7)
  A steam dragon (D:8)
  Duvessa (D:6)
  2 sky beasts
  A black bear (D:8)
  An ice beast (D:8)
  3 slaves
  2 phantoms
  4 ogres
  3 centaurs
  2 bullfrogs
  Blork the orc (D:6)
  An elf zombie (Ossuary)
  A wyvern zombie (D:6)
  2 scorpions
  A howler monkey (D:5)
  3 crimson imps
  A centaur zombie (Ossuary)
  2 jellies
  3 centaur skeletons
  3 hounds
  A bullfrog skeleton (D:4)
  4 human zombies (Ossuary)
  2 orc priests
  A gnoll shaman (D:8)
  Jessica (D:2)
  3 iguanas
  5 worker ants
  A killer bee zombie (D:6)
  2 big kobold zombies (Ossuary)
  2 hound zombies
  A hound skeleton (D:5)
  3 mummies (Ossuary)
  The ghost of Magifyre the Sneak, a weakling FeEn (D:3)
  11 adders
  A shadow imp (D:8)
  An adder skeleton (D:5)
  2 adder zombies
  2 worms
  2 dart slugs (D:2)
  9 leopard geckos
  33 orcs
  9 giant cockroaches
  3 gnoll zombies (Ossuary)
  5 goblins
  9 hobgoblins
  9 jackals
  10 kobolds
  6 quokkas
  A ball python (D:3)
  6 bats
  6 frilled lizards
  5 goblin zombies (Ossuary)
  2 hobgoblin zombies (Ossuary)
  5 jackal zombies (Ossuary)
  3 kobold zombies (Ossuary)
  A leopard gecko skeleton (D:4)
  An orc zombie (Ossuary)
  2 quokka skeletons (D:5)
  3 quokka zombies (Ossuary)
  8 rats
  3 rat zombies (Ossuary)
229 creatures vanquished.

Vanquished Creatures (collateral kills)
  A hippogriff (D:8)
  A human (D:8)
  Dowan (D:6)
  A howler monkey (D:8)
  A worm (D:2)
  A jackal (D:8)
6 creatures vanquished.

Vanquished Creatures (others)
  An ogre zombie (D:8)
  A sky beast zombie (D:8)
  A scorpion zombie (D:8)
  A steam dragon zombie (D:8)
  2 adder zombies
  An adder skeleton (D:8)
  A gnoll skeleton (D:8)
  2 orcs (D:3)
  An orc zombie (D:8)
  A quokka zombie (D:8)
12 creatures vanquished.

Grand Total: 247 creatures vanquished

Notes
Turn   | Place    | Note
-------+----------+-------------------------------------------
     0 | D:1      | Cacophonie the High Elf Artificer began the quest for the Orb.
     0 | D:1      | Reached XP level 1. HP: 13/13 MP: 4/4
   391 | D:1      | Reached XP level 2. HP: 12/18 MP: 5/5
  1355 | D:1      | Reached XP level 3. HP: 10/23 MP: 6/6
  2612 | D:2      | Reached XP level 4. HP: 24/28 MP: 7/7
  2747 | D:2      | Noticed Jessica
  2834 | D:2      | Killed Jessica
  2854 | D:2      | Identified Jessica's Compendium of Dark Secrets
  3356 | D:2      | Reached skill level 5 in Short Blades
  3768 | D:3      | Noticed Magifyre's ghost (weakling FeEn)
  4039 | D:3      | :/
  4043 | D:3      | Reached XP level 5. HP: 26/33 MP: 8/8
  4835 | D:3      | Found a faded altar of an unknown god.
  5195 | D:3      | Reached skill level 1 in Long Blades
  5449 | D:4      | Noticed a phantom
  5457 | D:3      | Reached skill level 2 in Long Blades
  5916 | D:4      | Found Founish's Distillery.
  5967 | D:4      | Reached XP level 6. HP: 30/38 MP: 9/9
  5970 | D:4      | Reached skill level 3 in Long Blades
  6428 | D:4      | Reached skill level 4 in Long Blades
  6577 | D:3      | Reached skill level 5 in Long Blades
  6652 | D:3      | Killed Magifyre's ghost
  6789 | D:4      | Reached XP level 7. HP: 29/43 MP: 10/10
  6919 | D:4      | Reached skill level 6 in Long Blades
  6920 | D:4      | ow
  6920 | D:4      | Forgot about that
  7614 | D:5      | Entered Level 5 of the Dungeon
  7685 | D:5      | Reached skill level 7 in Long Blades
  7851 | D:5      | Reached skill level 8 in Long Blades
  7905 | D:5      | Reached XP level 8. HP: 27/48 MP: 11/11
  7941 | D:5      | Gained mutation: You expend magic power (3 MP) to strengthen your wands. [mutagenic meat]
  7942 | D:5      | Gained mutation: Your magical capacity is low. (-10% MP) [mutagenic meat]
  7942 | D:5      | Lost mutation: You expend magic power (3 MP) to strengthen your wands. [potion of cure mutation]
  7942 | D:5      | Lost mutation: Your magical capacity is low. (-10% MP) [potion of cure mutation]
  7949 | D:5      | Gained mutation: You occasionally shout uncontrollably at your foes. [mutagenic meat]
  7950 | D:5      | Gained mutation: Your body sometimes deteriorates upon taking damage. [mutagenic meat]
  7950 | D:5      | Lost mutation: Your body sometimes deteriorates upon taking damage. [potion of cure mutation]
  7950 | D:5      | Lost mutation: You occasionally shout uncontrollably at your foes. [potion of cure mutation]
  7951 | D:5      | well fuck
  7951 | D:5      | mut roulette was a silly idea
  7983 | D:5      | Reached skill level 9 in Long Blades
  8034 | D:5      | Found a staircase to the Ecumenical Temple.
  8040 | D:5      | yay temple
  8041 | Temple   | Entered the Ecumenical Temple
  8191 | Temple   | Became a worshipper of Yredelemnul the Dark
  8331 | D:5      | Found an opulent altar of Gozag.
  8572 | D:6      | Got a translucent flail
  8639 | D:6      | Noticed Blork the orc
  8650 | D:6      | Killed Blork the orc
  8654 | D:6      | ez
  8683 | D:6      | Reached skill level 10 in Long Blades
  8764 | D:6      | Noticed Pikel
  9151 | D:6      | Noticed Duvessa
  9151 | D:6      | Noticed Dowan
  9170 | D:6      | Killed Dowan
  9205 | D:6      | Killed Duvessa
  9489 | D:6      | Noticed Sigmund
  9533 | D:6      | Killed Sigmund
  9533 | D:6      | Reached skill level 11 in Long Blades
 10124 | D:7      | Found a sand-covered staircase.
 10191 | Ossuary  | Entered an ossuary
 10308 | Ossuary  | Reached * piety under Yredelemnul
 10350 | Ossuary  | Reached skill level 12 in Long Blades
 10365 | Ossuary  | Reached XP level 9. HP: 51/53 MP: 12/12
 10985 | D:7      | Reached skill level 13 in Long Blades
 12408 | D:8      | Reached skill level 1 in Armour
 12433 | D:8      | Reached ** piety under Yredelemnul
 12537 | D:8      | Reached skill level 1 in Shields
 12563 | D:8      | Found Goyrotej's Distillery.
 12574 | D:8      | Bought 2 potions of heal wounds for 130 gold pieces
 12667 | D:8      | Found a staircase to the Lair.
 12809 | D:8      | did I just rob a baker?
 12831 | D:8      | oh well
 12945 | D:8      | Noticed a kobold demonologist
 13306 | D:8      | Reached XP level 10. HP: 17/61 MP: 13/13
 13917 | D:8      | Noticed a centaur warrior
 13939 | D:8      | fuck this out of depth bullshit
 13939 | D:8      | Shot with an arrow by something
